 Dungeon Crawl Stone Soup version 0.31-a0-1589-g8f5e8aebd6 (webtiles) character file.

Game seed: 3573995577204979525

688 Laraso the Cudgeller (level 7, 0/56 HPs)
             Began as an Armataur Delver on Jan 5, 2024.
             Slain by an iguana (11 damage)
             ... on level 5 of the Dungeon.
             The game lasted 00:08:31 (3624 turns).

Laraso the Cudgeller (Armataur Delver)              Turns: 3624, Time: 00:08:32

Health: 0/56       AC:  8    Str: 17    XL:     7   Next: 36%
Magic:  7/7        EV:  7    Int: 13    God:
Gold:   147        SH:  8    Dex: 13    Spells: 6/6 levels left

rFire   + . .        a - +0 mace
rCold   + . .        j - +0 kite shield
rNeg    + . .        m - +0 ring mail
rPois   .            k - +0 helmet
rElec   .            i - +0 cloak
rCorr   .            q - +0 pair of gloves
SInv    .            (no barding)
Will    .....        (no amulet)
Stlth   +++          p - ring of protection from fire
HPRegen 0.29/turn    t - ring of Imytail {rC+ rN+ Dex+2 Stlth+}
MPRegen 0.10/turn

%: roll
@: no status effects
A: large, deformed body, tough skin 3, armoured tail, roll 2
a: no special abilities


You were on level 5 of the Dungeon.
You visited 1 branch of the dungeon, and saw 5 of its levels.

You collected 241 gold pieces.
You spent 94 gold pieces at shops.

Inventory:

Hand Weapons
 a - a +0 mace (weapon)
Armour
 i - a +0 cloak (worn)
 j - a +0 kite shield (worn)
 k - a +0 helmet (worn)
 m - a +0 ring mail (worn)
 q - a +0 pair of gloves (worn)
Jewellery
 p - a ring of protection from fire (left hand)
 t - the ring of Imytail (right hand) {rC+ rN+ Dex+2 Stlth+}
   (You found it on level 3 of the Dungeon)

   [ring of protection from cold]

   Dex+2:     It affects your dexterity (+2).
   rC+:       It protects you from cold.
   rN+:       It protects you from negative energy.
   Stlth+:    It makes you more stealthy.
Wands
 g - a wand of digging (3)
 h - a wand of flame (1)
Scrolls
 c - a scroll of fog
 d - a scroll of revelation
 e - a scroll of enchant armour {unknown}
 l - a scroll of immolation
 n - a scroll of torment
 o - a scroll of amnesia
 r - a scroll of vulnerability
Potions
 b - a potion of mutation
 f - a potion of haste
 s - a potion of brilliance


   Skills:
 - Level 2.6 Fighting
 * Level 6.6 Maces & Flails
 - Level 1.0 Armour
 - Level 1.3 Dodging
 - Level 5.4 Stealth
 - Level 2.0 Shields
 - Level 3.0 Evocations


You had 6 spell levels left.
You didn't know any spells.
Your spell library contained the following spells:

 Spells                   Type           Power      Damage    Failure   Level
 Apportation              Tloc           0%         N/A       86%         1
 Necrotise                Necr           0%         1d4       86%         1
 Sting                    Conj/Alch      0%         1d3       86%         1
 Summon Small Mammal      Summ           0%         N/A       86%         1


Dungeon Overview and Level Annotations

Branches:
Dungeon (5/15)
 Temple: D:4-7

Altars:
Fedhas
Vehumet

Shops:
D:2 *   D:4 [=::*

Annotations:
D:4 2 transporters, olddryhag's ghost, amateur GnGl


Innate Abilities, Weirdness & Mutations

Armour fits poorly on your strangely shaped body.
You have extremely tough skin. (AC +3)
You have a long armoured tail.
You regenerate magic and health when rolling toward enemies. (Rampage Regen)


Message History

The sleepcap is almost destroyed.
The sleepcap releases spores at you.
* * * LOW HITPOINT WARNING * * *
Unknown command.
You hit the sleepcap but do no damage.
You tail-slap the sleepcap, but do no damage.
The sleepcap is almost destroyed.
The sleepcap releases spores at you but does no damage.
Unknown command.
Okay, then.
You hit the sleepcap but do no damage.
The sleepcap is almost destroyed.
The sleepcap releases spores at you.
* * * LOW HITPOINT WARNING * * *
The sleepcap releases spores at you but does no damage.
Unknown command.
You hit the sleepcap but do no damage.
The sleepcap is almost destroyed.
The sleepcap releases spores at you but does no damage.
Unknown command.
You hit the sleepcap. You tail-slap the sleepcap.
You destroy the sleepcap!
Unknown command.
You hit the iguana.
Your tail-slap misses the iguana.
The iguana is heavily wounded.
You block the iguana's attack.
You hit the iguana but do no damage.
The iguana is heavily wounded.
The iguana completely misses you.
You barely miss the iguana.
The iguana is heavily wounded.
You block the iguana's attack. x2
You hit the iguana.
The iguana is severely wounded.
The iguana bites you.
* * * LOW HITPOINT WARNING * * *
You hit the iguana but do no damage.
The iguana is severely wounded.
The iguana bites you!
You die...

##############
##............#
#...!.......#
#####†.########.#
#+..##..# #@# .##.##..#
#l# .#......########.#
.#..%............>......
.'.###.......#.#..######
.### ######.##.#..# .#
..........
.#########..####..##
#')).).........#...


You could see an iguana.

Vanquished Creatures
  Menkaure (D:4)
  A black bear (D:5)
  Blork the orc (D:4)
  A scorpion (D:4)
  A bombardier beetle (D:4)
  2 hounds
  A sleepcap (D:5)
  An iguana (D:3)
  An orc wizard (D:5)
  7 adders
  A white imp (D:5)
  3 ribbon worms (D:2)
  4 dart slugs
  10 orcs
  A bat (D:1)
  9 endoplasms
  3 giant cockroaches
  3 goblins
  7 hobgoblins
  10 jackals
  10 quokkas
  6 ball pythons
  3 frilled lizards
  4 kobolds
91 creatures vanquished.

Notes
Turn   | Place    | Note
-------+----------+-------------------------------------------
     0 | D:5      | Laraso the Armataur Delver began the quest for the Orb.
     0 | D:5      | Reached XP level 1. HP: 18/18 MP: 1/1
    34 | D:5      | Reached skill level 2 in Maces & Flails
    90 | D:5      | Noticed an orc wizard
    98 | D:5      | Killed an orc wizard
    99 | D:5      | Reached skill level 3 in Maces & Flails
    99 | D:5      | Reached XP level 2. HP: 23/25 MP: 2/2
    99 | D:5      | Reached XP level 3. HP: 28/30 MP: 3/3
   248 | D:4      | Found Ynlun's Book Boutique.
   270 | D:4      | Noticed Blork the orc
   722 | D:1      | Reached XP level 4. HP: 37/37 MP: 4/4
   783 | D:1      | Reached skill level 4 in Maces & Flails
  1339 | D:2      | Reached skill level 1 in Shields
  1711 | D:2      | Found Ceosexza's Assorted Antiques.
  1729 | D:2      | Bought a scroll of identify for 40 gold pieces
  2026 | D:2      | Reached skill level 1 in Armour
  2033 | D:2      | Reached XP level 5. HP: 30/42 MP: 5/5
  2554 | D:3      | Identified the ring of Imytail {rC+ rN+ Dex+2 Stlth+}
  2686 | D:4      | Reached skill level 5 in Maces & Flails
  2691 | D:4      | Reached XP level 6. HP: 41/50 MP: 6/6
  2752 | D:4      | Noticed Menkaure
  2822 | D:4      | Found Nesiagg's Armour Emporium.
  2847 | D:4      | Found Ciqir's Jewellery Emporium.
  2887 | D:4      | Killed Blork the orc
  2945 | D:4      | Found a blossoming altar of Fedhas.
  2976 | D:4      | Found Woru's General Store.
  2984 | D:4      | Bought a wand of flame (6) for 54 gold pieces
  3005 | D:4      | Found a radiant altar of Vehumet.
  3051 | D:4      | Reached skill level 6 in Maces & Flails
  3051 | D:4      | Reached skill level 1 in Evocations
  3070 | D:4      | Killed Menkaure
  3071 | D:4      | Gained mutation: You regenerate magic and health when
                  | rolling toward enemies. (Rampage Regen) [Armataur growth]
  3071 | D:4      | Reached XP level 7. HP: 33/56 MP: 7/7
  3257 | D:4      | Found Astuc's Book Shoppe.
  3296 | D:4      | Found a transporter.
  3351 | D:4      | Found a transporter.
  3489 | D:4      | Noticed olddryhag's ghost (amateur GnGl)
  3624 | D:5      | Slain by an iguana

Illustrated notes

Levels and vault maps discovered:
D:1:      elethiomel_arrival_maze, layout_loops_ring, minmay_pentomino_r2
D:2:      layout_rooms, serial_shops, shop, serial_aquarium,
          aquarium_bridge_square [aquarium_subvault_balcony,
          aquarium_subvault_bridge, aquarium_subvault_window,
          aquarium_subvault_wall], aquarium_window_corner, aquarium_window_1,
          aquarium_window_fake, aquarium_window_1, aquarium_view_2c,
          aquarium_balcony_3a, aquarium_pool_2
D:3:      wander_river, layout_rooms, nicolae_half_adder
D:4:      layout_rooms, mainiacjoe_overflow_tiny_flanked,
          mainiacjoe_overflow_concentric_impassable,
          gammafunk_ghost_gnarly_gnolls, serial_shops, kennysheep_little_box,
          nicolae_shop_just_a_little_nook, nicolae_shop_peninsula,
          nicolae_shop_behind_doors, nicolae_stop_n_shop_2, uniq_menkaure,
          uniq_blork_the_orc
D:5:      layout_basic, cheibrodos_worm_habitat, mainiacjoe_overflow_24_doors,
          enter_ossuary_4, nicolae_concentric_dashed_squares_mild

Skill      XL: |  1  2  3  4  5  6  7 |
---------------+----------------------+-----
Maces & Flails | 3 4 5 6 |  6.6
Shields        | 2 |  2.0
Armour         | 1 |  1.0
Evocations     | 2 3 |  3.0
Fighting       | |  2.6
Dodging        | |  1.3
Stealth        | |  5.4

Action                     |  1- 3 |  4- 6 |  7- 9 || total
---------------------------+-------+-------+-------++-------
  Melee: Mace              |    87 |   213 |    54 ||   354
         Tailslap          |    10 |    28 |     7 ||    45
  Evoke: Wand              |       |     8 |       ||     8
    Use: Scroll            |     1 |    10 |       ||    11
   Stab: Sleeping          |     1 |     9 |     4 ||    14
 Armour: Leather armour    |    64 |    27 |       ||    91
         Ring mail         |       |    95 |    53 ||   148
  Dodge: Dodged            |    33 |    70 |    23 ||   126
  Block: Kite shield       |    20 |    80 |    18 ||   118

Table legend: (Time is in decaauts)
 A = Elapsed time spent in this place.
 B = Non-inter-level travel time spent in this place.
 C = Inter-level travel time spent in this place.
 D = Time resting spent in this place.
 E = Time spent auto-exploring this place.
 F = Levels seen in this place.
 G = Mean time per level.
                   A        B        C        D        E       F      G
               +--------+--------+--------+--------+--------+-----+--------+
         Total |   3741 |   3464 |    277 |    424 |   1746 |   5 |  748.2 |
       Dungeon |   3741 |   3464 |    277 |    424 |   1746 |   5 |  748.2 |
               +--------+--------+--------+--------+--------+-----+--------+

Top non-repeatable levels by time:
     D:2: 911 daAuts
     D:1: 864 daAuts
     D:4: 851 daAuts
     D:3: 747 daAuts
     D:5: 366 daAuts
